|
||||||||||||||||||||||||||||||||||||||||||||||||||||||||||||||||||||||||||||||||||||||||||||||||||||||||||||||
| ||||||||||||||||||||||||||||||||||||||||||||||||||||||||||||||||||||||||||||||||||||||||||||||||||||||||||||||
Top of the 4th over - 0 runs, 0 hits, 0 errors, 0 left on base; Nashville 2 - Omaha 3 |
BOTTOM OF THE 4TH | |
---|---|
Omaha Storm Chasers batting - Pitching for Nashville Sounds : RHP Carlos Alaniz | |
Batting: RHB Yuichi Takata |
0-0: Ball 1-0: Ball 2-0: SINGLE (Groundball, 4D, EV 96.9 MPH) |
Batting: RHB Colin Boddy | 0-0: Grounds into double play, 5-4-3 (Groundball, 56, EV 91.9 MPH) |
Batting: RHB Aaron Matthews |
0-0: Ball 1-0: Swinging Strike 1-1: Swinging Strike 1-2: Ball 2-2: Strikes out swinging |
Bottom of the 4th over - 0 runs, 1 hit, 0 errors, 0 left on base; Nashville 2 - Omaha 3 |
TOP OF THE 5TH | |
---|---|
Nashville Sounds batting - Pitching for Omaha Storm Chasers : RHP Sergio Quinones | |
Batting: RHB Eduardo Chavez |
0-0: Ball 1-0: DOUBLE (Line Drive, 89D, EV 107.5 MPH) |
Batting: RHB Matt Berkley |
0-0: Ball 1-0: Swinging Strike 1-1: Fly out, F8 (Flyball, 8RD, EV 99.4 MPH) |
Batting: RHB Jeff Garofalo |
0-0: Ball 1-0: Ball 2-0: Ball 3-0: Base on Balls |
Batting: RHB Yonetoshi Muranaka |
0-0: Called Strike Eduardo Chavez steals 3rd base (no throw) Jeff Garofalo to second 0-1: Ball 1-1: Fly out, F7 (Flyball, 78M, EV 80.6 MPH) |
Batting: SHB D.J. Codd | 0-0: Ground out U3 (Groundball, 34, EV 85.0 MPH) |
Top of the 5th over - 0 runs, 1 hit, 0 errors, 2 left on base; Nashville 2 - Omaha 3 |
BOTTOM OF THE 5TH | |
---|---|
Omaha Storm Chasers batting - Pitching for Nashville Sounds : RHP Carlos Alaniz | |
Batting: LHB Chris Eaker |
0-0: Swinging Strike 0-1: Foul Ball, location: 2F 0-2: Ball 1-2: Strikes out swinging |
Batting: LHB Jim Pankratz |
0-0: Called Strike 0-1: Ball 1-1: DOUBLE (Line Drive, 7LS, EV 98.8 MPH) |
Batting: LHB Robby Diaz |
0-0: Called Strike 0-1: DOUBLE (Line Drive, 9LS, EV 107.5 MPH) Jim Pankratz scores |
Batting: LHB Manny Estrada |
0-0: Swinging Strike 0-1: Ball 1-1: Ball 2-1: Ball 3-1: Base on Balls |
Batting: RHB Walt Cogswell |
0-0: Called Strike 0-1: Ball 1-1: Ball 2-1: Called Strike 2-2: Fielders Choice at 3rd, U5 (Groundball, 5L, EV 101.9 MPH) Manny Estrada to second |
Batting: SHB Ryoji Hiraoka |
0-0: Ball 1-0: Foul Ball, location: 2F 1-1: Foul Ball, location: 2F 1-2: SINGLE (Groundball, 4M, EV 103.8 MPH) (infield hit) Manny Estrada to third Walt Cogswell to second |
Batting: RHB Yuichi Takata |
0-0: Foul Ball, location: 2F 0-1: Ball 1-1: Swinging Strike 1-2: Ball 2-2: Ball 3-2: Base on Balls Manny Estrada scores Walt Cogswell to third Ryoji Hiraoka to second |
Pitching: RHP Danny Nsoah | |
Batting: RHB Colin Boddy |
0-0: Ball 1-0: Called Strike 1-1: Reached on error, E3 (Groundball, 34S, EV 87.5 MPH) Walt Cogswell scores Ryoji Hiraoka scores Yuichi Takata to third |
Batting: RHB Aaron Matthews |
0-0: Ball 1-0: Called Strike 1-1: Ball 2-1: Foul Ball, location: 2F 2-2: Foul Ball, location: 2F 2-2: Ground out U3 (Groundball, 3S, EV 81.9 MPH) |
Bottom of the 5th over - 4 runs, 3 hits, 1 error, 2 left on base; Nashville 2 - Omaha 7 |
TOP OF THE 6TH | |
---|---|
Nashville Sounds batting - Pitching for Omaha Storm Chasers : RHP Sergio Quinones | |
Batting: RHB Robby Godwin |
0-0: Ball 1-0: Foul Ball, location: 2F 1-1: Foul Ball, location: 2F 1-2: Ball 2-2: Ball 3-2: SINGLE (Groundball, 56S, EV 61.9 MPH) (infield hit) |
Batting: RHB Tim Cordle |
0-0: Ball 1-0: Swinging Strike 1-1: Ball 2-1: Ball 3-1: Foul Ball, location: 2F 3-2: SINGLE (Groundball, 4D, EV 94.4 MPH) Robby Godwin to second Robby Godwin to third |
Batting: RHB Dave Glenn |
0-0: Called Strike 0-1: Ball 1-1: Ball 2-1: Ball 3-1: Called Strike Pickoff Throw to First - Out! 1-3 3-2: Strikes out swinging |
Batting: RHB Wade Diamond |
0-0: Swinging Strike 0-1: Called Strike 0-2: Ball 1-2: Ball 2-2: 2-RUN HOME RUN (Flyball, 78XD, EV 95.6 MPH), Distance : 388 ft |
Batting: RHB Eduardo Chavez |
0-0: Ball 1-0: Ball 2-0: Ball 3-0: Called Strike 3-1: Ground out 6-3 (Groundball, 6M, EV 106.2 MPH) |
Top of the 6th over - 2 runs, 3 hits, 0 errors, 0 left on base; Nashville 4 - Omaha 7 |
BOTTOM OF THE 6TH | |
---|---|
Omaha Storm Chasers batting - Pitching for Nashville Sounds : RHP Danny Nsoah | |
Batting: LHB Chris Eaker |
0-0: Foul Ball, location: 2F 0-1: Ball 1-1: Ball 2-1: Ball 3-1: Called Strike 3-2: Ground out 1-3 (Groundball, 15S, EV 72.5 MPH) |
Batting: LHB Jim Pankratz |
0-0: Ball 1-0: Ground out 5-3 (Groundball, 56, EV 86.2 MPH) |
Batting: LHB Robby Diaz |
0-0: Ball 1-0: Ball 2-0: Swinging Strike 2-1: Swinging Strike 2-2: Foul Ball, location: 2F 2-2: Foul Ball, location: 2F 2-2: Ball 3-2: Foul Ball, location: 2F 3-2: SOLO HOME RUN (Flyball, 7D, EV 96.2 MPH), Distance : 371 ft |
Batting: LHB Manny Estrada |
0-0: Foul Ball, location: 2F 0-1: Called Strike 0-2: Ball 1-2: Fly out, F8 (Line Drive, 8LM, EV 95.0 MPH) |
Bottom of the 6th over - 1 run, 1 hit, 0 errors, 0 left on base; Nashville 4 - Omaha 8 |
TOP OF THE 7TH | |
---|---|
Nashville Sounds batting - Pitching for Omaha Storm Chasers : RHP Sergio Quinones | |
Pitching: RHP Nam Phong | |
Batting: RHB Matt Berkley |
0-0: Called Strike 0-1: Ball 1-1: Ball 2-1: Ball 3-1: Base on Balls |
Batting: RHB Jeff Garofalo |
0-0: Sac Bunt to 23 - play at first, batter OUT! 3-4 Matt Berkley to second |
Batting: RHB Yonetoshi Muranaka |
0-0: Ball 1-0: Called Strike 1-1: Foul Ball, location: 2F 1-2: Ball 2-2: Ball Wild Pitch! Matt Berkley to third 3-2: Foul Ball, location: 2F 3-2: Base on Balls |
Batting: SHB D.J. Codd |
0-0: Ball 1-0: Ball 2-0: Swinging Strike 2-1: Ball 3-1: Base on Balls Yonetoshi Muranaka to second |
Batting: RHB Robby Godwin |
0-0: Ball 1-0: Foul Ball, location: 2F 1-1: Swinging Strike 1-2: Ball 2-2: Foul Ball, location: 2F 2-2: Foul Ball, location: 2F 2-2: Fielders Choice at 2nd, 6-4 (Groundball, 56, EV 81.2 MPH) Matt Berkley scores Yonetoshi Muranaka to third |
Batting: RHB Tim Cordle |
0-0: Ball 1-0: DOUBLE (Flyball, 89D, EV 95.0 MPH) Yonetoshi Muranaka scores Robby Godwin to third |
Batting: RHB Dave Glenn | 0-0: Ground out 6-3 (Groundball, 6, EV 109.4 MPH) |
Top of the 7th over - 2 runs, 1 hit, 0 errors, 2 left on base; Nashville 6 - Omaha 8 |
BOTTOM OF THE 7TH | |
---|---|
Omaha Storm Chasers batting - Pitching for Nashville Sounds : RHP Danny Nsoah | |
Pitching: RHP Jesus Gonzales | |
Batting: RHB Walt Cogswell |
0-0: Called Strike 0-1: Foul Ball, location: 2F 0-2: Ball 1-2: Strikes out looking |
Batting: SHB Ryoji Hiraoka |
0-0: Ball 1-0: Called Strike 1-1: Swinging Strike 1-2: Ball 2-2: Ball 3-2: Fly out, F8 (Flyball, 8LXD, EV 106.2 MPH) |
Batting: RHB Yuichi Takata | 0-0: Ground out 1-3 (Groundball, 34S, EV 73.8 MPH) |
Bottom of the 7th over - 0 runs, 0 hits, 0 errors, 0 left on base; Nashville 6 - Omaha 8 |
TOP OF THE 8TH | |
---|---|
Nashville Sounds batting - Pitching for Omaha Storm Chasers : RHP Nam Phong | |
Pitching: RHP Gary Ackerman | |
Batting: RHB Wade Diamond |
0-0: Foul Ball, location: 2F 0-1: Foul Ball, location: 2F 0-2: Ball 1-2: Ball 2-2: Foul Ball, location: 2F 2-2: Ball 3-2: Base on Balls |
Pinch Hitting: LHB Zachary DeLuca |
0-0: Called Strike 0-1: Foul Ball, location: 2F 0-2: Ball 1-2: Foul Ball, location: 2F 1-2: Foul Ball, location: 2F 1-2: Foul Ball, location: 2F 1-2: Strikes out looking |
Batting: RHB Matt Berkley |
0-0: Called Strike 0-1: Ball Wild Pitch! Wade Diamond to second 1-1: Called Strike 1-2: Strikes out swinging |
Batting: RHB Jeff Garofalo |
0-0: Foul Ball, location: 2F 0-1: Swinging Strike 0-2: Ball 1-2: Strikes out looking |
Top of the 8th over - 0 runs, 0 hits, 0 errors, 1 left on base; Nashville 6 - Omaha 8 |
BOTTOM OF THE 8TH | |
---|---|
Omaha Storm Chasers batting - Pitching for Nashville Sounds : RHP Jesus Gonzales | |
Now at SS: Zachary DeLuca | |
Batting: RHB Colin Boddy |
0-0: Ball 1-0: Ball 2-0: Ball 3-0: Base on Balls |
Batting: RHB Aaron Matthews |
0-0: Bunt missed! 0-1: Bunted foul 0-2: Ball 1-2: Ball 2-2: Ball 3-2: Foul Ball, location: 2F 3-2: Base on Balls Colin Boddy to second |
Batting: LHB Chris Eaker |
0-0: Sac Bunt to P - play at first, batter OUT! 1-3 Colin Boddy to third Aaron Matthews to second |
Batting: LHB Jim Pankratz |
0-0: Foul Ball, location: 2F 0-1: Foul Ball, location: 2F 0-2: Ball 1-2: Ball 2-2: Ball 3-2: Strikes out swinging |
Batting: LHB Robby Diaz |
0-0: Called Strike 0-1: Ball 1-1: Ball 2-1: Foul Ball, location: 2F 2-2: Ground out 5-3 (Groundball, 56, EV 81.9 MPH) |
Bottom of the 8th over - 0 runs, 0 hits, 0 errors, 2 left on base; Nashville 6 - Omaha 8 |
TOP OF THE 9TH | |
---|---|
Nashville Sounds batting - Pitching for Omaha Storm Chasers : RHP Gary Ackerman | |
Pitching: RHP Matt Carnevale | |
Pinch Hitting: LHB Andy Schumacher |
0-0: Ball 1-0: Ball 2-0: Foul Ball, location: 2F 2-1: Ball 3-1: Base on Balls |
Batting: SHB D.J. Codd |
0-0: Ball 1-0: Grounds into double play, 3-6-1 (Groundball, 3, EV 91.2 MPH) |
Batting: RHB Robby Godwin |
0-0: Foul Ball, location: 2F 0-1: DOUBLE (Line Drive, 89M, EV 95.0 MPH) |
Batting: RHB Tim Cordle | 0-0: Ground out 4-3 (Groundball, 4, EV 90.6 MPH) |
Top of the 9th over - 0 runs, 1 hit, 0 errors, 1 left on base; Nashville 6 - Omaha 8 |
Thursday, December 15th , 2022 - OOTP Baseball 23.9 Build 102 |